 Dungeon Crawl Stone Soup version 0.19.0-19-g8c6edcc (webtiles) character file.

150 MovingMist the Ducker (level 5, -3/39 HPs)
             Began as a Demonspawn Gladiator on Nov 13, 2016.
             Slain by MovingMist's ghost (9 damage)
             ... on level 3 of the Dungeon.
             The game lasted 00:05:26 (2689 turns).

MovingMist the Ducker (Demonspawn Gladiator)        Turns: 2689, Time: 00:05:27

Health: -3/39      AC:  7    Str: 15    XL:     5   Next: 10%
Magic:  5/5        EV: 11    Int:  9    God:
Gold:   120        SH:  0    Dex: 15    Spells: 0 memorised, 4 levels left

rFire  + . .     SeeInvis +     a - +0 long sword
rCold  . . .     Gourm    .     x - +0 scale mail
rNeg   . . .     Faith    .     (no shield)
rPois  .         Spirit   .     (helmet restricted)
rElec  .         Reflect  .     (no cloak)
rCorr  .         Harm     .     r - +0 pair of gloves
MR     .....                    (no boots)
Stlth  ..........               (no amulet)
                                w - ring of see invisible
                                n - ring of protection from fire

@: no status effects
A: horns 1, talons 1, demonic guardian 1
a: no special abilities


You were on level 3 of the Dungeon.
You were not hungry.

You visited 1 branch of the dungeon, and saw 3 of its levels.

You collected 120 gold pieces.

Inventory:

Hand Weapons
 a - a +0 long sword (weapon)
Missiles
 d - 3 throwing nets (quivered)
Armour
 c - a +0 helmet
 r - a +0 pair of gloves (worn)
 x - a +0 scale mail (worn)
Jewellery
 n - a ring of protection from fire (left hand)
 w - a ring of see invisible (right hand)
 y - an uncursed ring of positive energy {unknown}
Scrolls
 b - a scroll of enchant weapon {unknown}
 e - 2 scrolls of fog {unknown}
 i - 3 scrolls of enchant armour {unknown}
 j - a scroll of fear {unknown}
 l - a scroll of remove curse {unknown}
 m - a scroll of amnesia {unknown}
 q - 6 scrolls of identify {unknown}
Potions
 h - a potion of agility {unknown}
 k - a potion of might {unknown}
 o - 2 potions of cancellation {unknown}
 p - a potion of heal wounds {unknown}
 u - a potion of curing {unknown}
 v - 2 potions of brilliance {unknown}
Comestibles
 f - 3 bread rations
 g - 2 beef jerkies
 s - 3 chunks of flesh
 t - a meat ration


   Skills:
 + Level 2.7 Fighting
 + Level 3.1 Long Blades
 + Level 2.6 Throwing
 * Level 4.2 Dodging


You had 4 spell levels left.
You didn't know any spells.

Dungeon Overview and Level Annotations

Branches:
Dungeon (3/15)

Altars:

Annotations:
D:3 MovingMist's ghost, amateur GrFi


Innate Abilities, Weirdness & Mutations

You have a pair of small horns on your head.
You have sharp toenails.
A weak demonic guardian rushes to your aid.


Message History

You barely miss MovingMist's ghost.
You claw MovingMist's ghost, but do no damage.
You headbutt MovingMist's ghost, but do no damage.
MovingMist's ghost is severely damaged.
Your quasit bites MovingMist's ghost but does no damage.
Your quasit barely misses MovingMist's ghost.
Your quasit claws MovingMist's ghost but does no damage.
MovingMist's ghost misses your quasit.
Your quasit bites MovingMist's ghost but does no damage.
Your quasit claws MovingMist's ghost but does no damage.
Your quasit barely misses MovingMist's ghost.
You hit MovingMist's ghost but do no damage.
MovingMist's ghost is severely damaged.
MovingMist's ghost hits you!
* * * LOW HITPOINT WARNING * * *
Your quasit barely misses MovingMist's ghost.
Your quasit claws MovingMist's ghost.
Your quasit claws MovingMist's ghost but does no damage.
MovingMist's ghost hits you!
You die...

### #.# #.#
#.###########.##
#.......@......#
#######.W.....##
.......?5.....#
#######.#####.#
#.# #.# #.# #.#
#.# #.# #.# #.#
#.# #.#


You could see MovingMist's ghost and a friendly quasit.

Vanquished Creatures
  Robin (D:3)
  5 adders (D:2)
  A worm (D:2)
  6 dart slugs
  2 leopard geckos (D:2)
  3 orcs (D:3)
  2 ball pythons
  3 giant cockroaches
  13 goblins
  10 hobgoblins
  3 jackals (D:2)
  8 bats
  5 frilled lizards
  7 kobolds
  9 rats
78 creatures vanquished.

Notes
Turn   | Place    | Note
-------+----------+-------------------------------------------
     0 | D:1      | MovingMist the Demonspawn Gladiator began the quest for the Orb.
     0 | D:1      | Reached XP level 1. HP: 16/16 MP: 1/1
     2 | D:1      | Noticed a minotaur
     2 | D:1      | Noticed a tengu
     4 | D:1      | Noticed a vine stalker
     4 | D:1      | Noticed a ghoul
     6 | D:1      | Noticed a demigod
     6 | D:1      | Noticed a centaur
     8 | D:1      | Noticed an octopode
    10 | D:1      | Noticed a draconian
    10 | D:1      | Noticed a spriggan
    12 | D:1      | Noticed a formicid
    12 | D:1      | Noticed an elf
    14 | D:1      | Noticed a merfolk
    14 | D:1      | Noticed a vampire
    16 | D:1      | Noticed a halfling
    16 | D:1      | Noticed a dwarf
    18 | D:1      | Noticed a felid
    20 | D:1      | Noticed a gargoyle
    20 | D:1      | Noticed a troll
    22 | D:1      | Noticed a human
    24 | D:1      | Noticed a naga
    24 | D:1      | Noticed a demonspawn
    26 | D:1      | Noticed an ogre
   104 | D:1      | Reached skill level 3 in Dodging
   122 | D:1      | Gained mutation: A weak demonic guardian rushes to your aid. [demonic ancestry]
   122 | D:1      | Reached XP level 2. HP: 7/22 MP: 2/2
   883 | D:2      | Gained mutation: You have sharp toenails. [demonic ancestry]
   883 | D:2      | Reached XP level 3. HP: 28/28 MP: 3/3
  1298 | D:2      | Reached XP level 4. HP: 28/34 MP: 4/4
  2012 | D:2      | Reached skill level 4 in Dodging
  2346 | D:3      | Noticed Robin
  2400 | D:3      | Killed Robin
  2400 | D:3      | Gained mutation: You have a pair of small horns on your head. [demonic ancestry]
  2400 | D:3      | Reached XP level 5. HP: 10/39 MP: 5/5
  2678 | D:3      | Noticed MovingMist's ghost (amateur GrFi)
  2689 | D:3      | Slain by MovingMist's ghost

Skill      XL: |  1  2  3  4 |
---------------+-------------+-----
Dodging        | 3 4 |  4.2
Throwing       | 2 |  2.6
Long Blades    | 3 |  3.1
Fighting       | |  2.7

Action                   |  1- 3 |  4- 6 || total
-------------------------+-------+-------++-------
Melee: Long sword        |   114 |   108 ||   222
       Kick              |    13 |    40 ||    53
       Headbutt          |       |     5 ||     5
 Stab: Sleeping          |       |     1 ||     1
  Eat: Chunk             |     1 |     5 ||     6
Armor: Leather armour    |    32 |    19 ||    51
       Scale mail        |       |    17 ||    17
Dodge: Dodged            |   105 |    75 ||   180
       Rpst.: Long sword |    32 |    25 ||    57
